AoeStats
← Spensounet

Arabia

509161078Analyzed
1v1 RM · 6d ago on Sep 25, 2026· 62m 23s· 2 players
Game mode
Random Map
Map size
Tiny (2 player)
Population
200
Speed
Normal
Resources
Standard
Victory
Conquest
Starting age
Dark Age
Ending age
Imperial Age
RankedLock teamsTeams togetherTeam positionsShared explorationLock speedFull tech treeHidden civsTurbo modeCheats
Victory
Defeat
🇸🇰 Teutons · Slovakia
1437
+14
🇫🇷 Malay · France
1391
-14
Spensounet
6:51 Loom
9:09 Feudal Age
9:47 Wheelbarrow
9:38 Double-Bit Axe
11:20 Man-at-Arms
20:17 Castle Age
19:43 Forging
19:20 Long Swordsman
21:39 Arson
22:16 Horse Collar
23:03 Squires
23:47 Pikeman
34:33 Imperial Age
31:32 Crossbowman
35:04 Conscription
34:24 Elite Battle Elephant
35:29 Bow Saw
35:44 Husbandry
35:18 Halberdier
36:32 Heavy Plow
37:00 Fletching
37:14 Padded Archer Armor
37:36 Thumb Ring
38:18 Bodkin Arrow
39:38 Hand Cart
39:19 Arbalester
40:11 Scale Barding Armor
43:49 Bracer
44:05 Leather Archer Armor
45:39 Iron Casting
48:05 Ring Archer Armor
48:36 Blast Furnace
47:58 Ballistics
48:39 Chemistry
48:07 Devotion
49:57 Forced Levy
49:19 Two-Handed Swordsman
AngryTomato
7:09 Loom
9:19 Feudal Age
10:02 Man-at-Arms
16:28 Fletching
18:53 Double-Bit Axe
21:59 Castle Age
20:41 Scale Barding Armor
25:49 Bloodlines
25:41 Scale Mail Armor
26:41 Bow Saw
27:27 Elite Skirmisher
28:26 Bodkin Arrow
29:31 Chain Barding Armor
31:40 Forging
32:33 Wheelbarrow
34:23 Padded Archer Armor
38:05 Imperial Age
36:39 Chain Mail Armor
36:55 Hand Cart
39:20 Plate Mail Armor
38:13 Cavalier
42:32 Chemistry
41:43 Town Watch
45:19 Plate Barding Armor
45:22 Iron Casting
45:10 Masonry
45:59 Conscription
47:08 Pikeman
49:09 Blast Furnace
48:58 Ballistics
49:02 Squires
48:54 Horse Collar
50:29 Halberdier
53:10 Leather Archer Armor
54:56 Sanctity
56:22 Ring Archer Armor
57:13 Heavy Plow
57:18 Arson
59:10 Town Patrol
61:37 Two-Man Saw
61:44 Block Printing
Connection lost

Rejoining the realm…

Still unreachable

The connection could not be restored.

Session expired

The server has moved on; the page needs a fresh start.